 Dungeon Crawl Stone Soup version 0.28-a0-563-gf77a47075d (webtiles) character file.

Game seed: 16025101840749588777

432 omnomnOMINOUS the Skirmisher (level 7, 0/52 HPs)
             Began as an Octopode Wanderer on Sept 29, 2021.
             Was a Plaything of Xom.
             Slain by a phantom (7 damage)
             ... on level 4 of the Dungeon.
             The game lasted 00:15:24 (5167 turns).

omnomnOMINOUS the Skirmisher (Octopode Wanderer)    Turns: 5167, Time: 00:15:24

Health: 0/52       AC:  1    Str: 12    XL:     7   Next: 0%
Magic:  10/10      EV: 13    Int: 17    God:    Xom [.*....]
Gold:   184        SH:  0    Dex:  8    Spells: 4/10 levels left

rFire   + . .      SeeInvis .   a - +1 spear (vorpal)
rCold   + . .      Faith    .   (no shield)
rNeg    . . .      Spirit   .   (helmet restricted)
rPois   +          Reflect  .   (no amulet)
rElec   +          Harm     .   (no ring)
rCorr   +          Rampage  .   (no ring)
Will    +....      Clarity  +   (no ring)
Stlth   ++........              (no ring)
HPRegen 0.17/turn               (no ring)
MPRegen 0.12/turn               (no ring)
                                (no ring)
                                (no ring)

@: mighty, resistant, flying, studying Fighting, unable to read
A: almost no armour, amphibious, 8 rings, camouflage 1, gelatinous body 1,
(nimble swimmer 1), tentacles, clarity, clumsy 1, strong-willed 1, inability to
read while threatened
a: Renounce Religion


You were on level 4 of the Dungeon.
You worshipped Xom.
You were a plaything of Xom.
You visited 2 branches of the dungeon, and saw 6 of its levels.

You collected 184 gold pieces.

Inventory:

Hand Weapons
 a - a +1 vorpal spear (weapon)
 b - a +2 dagger
 c - a +0 quarterstaff
 d - a +0 hand crossbow
Missiles
 t - 29 bolts
Scrolls
 f - a scroll of enchant weapon
 g - 2 scrolls of magic mapping
 i - 2 scrolls of identify
 k - a scroll of fog
 l - 3 scrolls of teleportation {unknown}
 s - a scroll of brand weapon {unknown}
Potions
 m - a potion of resistance
 n - a potion of flight
 p - a potion of cancellation {unknown}
 r - a potion of haste {unknown}
 u - a potion of invisibility


   Skills:
 + Level 6.2 Fighting
 - Level 1.0 Maces & Flails
 - Level 1.0 Crossbows
 - Level 1.0 Throwing
 + Level 3.9 Dodging
 - Level 1.3 Stealth
 - Level 2.0 Spellcasting
 + Level 3.0 Conjurations
 - Level 1.0 Air Magic
 + Level 2.9 Earth Magic


You had 4 spell levels left.
You knew the following spells:

 Your Spells              Type           Power      Damage    Failure   Level
a - Shock                 Conj/Air       32%        1d5       9%          1
b - Stone Arrow           Conj/Erth      22%        3d8       17%         3
c - Passwall              Tmut/Erth      5%         N/A       16%         2

Your spell library contained the following spells:

 Spells                   Type           Power      Damage    Failure   Level
 Swiftness                Air            5%         N/A       36%         3
 Airstrike                Air            2%         N/A       77%         4
 Invisibility             Hex            0%         N/A       100%        6
 Lehudib's Crystal Spear  Conj/Erth      5%         10d3      100%        8
 Animate Armour           Summ/Erth      Unusable   N/A       N/A         4

Dungeon Overview and Level Annotations

Branches:
Dungeon (5/15)             Temple (1/1) D:4

Altars:
Ashenzari
Cheibriados
Dithmenos
Elyvilon
Fedhas
Gozag
Kikubaaqudgha
Makhleb
Nemelex Xobeh
Qazlal
Sif Muna
Trog
Uskayaw
Vehumet
Wu Jian
Xom
Yredelemnul
Zin

Shops:
D:4 (


Innate Abilities, Weirdness & Mutations

You cannot wear most types of armour.
You are amphibious.
You can wear up to eight rings at the same time.
Your skin changes colour to match your surroundings (Stealth+).
Your rubbery body absorbs attacks. (AC +1, EV +1)
((You are camouflaged near water. (Stealth+)))
You have tentacles for arms and can constrict up to eight enemies at once.
You possess an exceptional clarity of mind.
You are clumsy. (Dex -2)
You are strong-willed. (Will+)
You sometimes lose the ability to read scrolls when taking damage.


Message History

The adder bites you.
* * * LOW HITPOINT WARNING * * *
The phantom completely misses you.
It was a potion of curing.
You feel better.
Xom roars with laughter!
The ball python closely misses you. The ball python constricts you.
* * * LOW HITPOINT WARNING * * *
The adder bites you.
* * * LOW HITPOINT WARNING * * *
The phantom closely misses you.
Unknown command.
You escape the ball python's grasp.
Xom decides to shift things around a little.
The adder blinks!
You are now a plaything of Xom.
You barely miss the ball python. You grab the ball python.
You squeeze the ball python.
You kill the ball python!
Unknown command.
The hobgoblin closely misses you.
You see here a +0 ring mail.
You puncture the hobgoblin!
You kill the hobgoblin!
The adder misses you.
Unknown command.
Unknown command.
Okay, then.
Unknown command.
You miss the adder. Your grab misses the adder.
The adder is severely wounded.
The adder bites you.
* * * LOW HITPOINT WARNING * * *
Unknown command.
You closely miss the adder. Your grab misses the adder. You squeeze the adder.
You kill the adder!
You have reached level 7!
You closely miss the phantom. You squeeze the phantom!
The phantom is severely damaged.
The phantom hits you!
You die...

#.#####
#########............###
#.....# #..................
#####.# #.##..#^...........
#.#### #.#..###...........
#....## #.#.##[##..........
#....<# ##....#.#...........
#....## ##..#.##.##.#........
#∩...####..####...####.......
#.........##@W..!...$##..####
########...####...####..##
#....#.##.##.#..##
##......'.#....##
##....##.##.### ###...###..#
#....#..## ####...## #####


You could see a phantom.

Vanquished Creatures
  A phantom (D:3)
  A hound (D:4)
  A bullfrog zombie (D:4)
  An iguana (D:4)
  7 gnolls
  2 adders (D:4)
  A worm (D:3)
  2 dart slugs
  An orc (D:4)
  8 ball pythons
  4 bats
  9 endoplasms
  7 giant cockroaches
  8 goblins
  12 hobgoblins
  8 jackals
  4 kobolds
  3 quokkas
  4 frilled lizards
  5 rats
89 creatures vanquished.

Vanquished Creatures (collateral kills)
  A phantom (D:4)
  A gnoll (D:4)
2 creatures vanquished.

Grand Total: 91 creatures vanquished

Notes
Turn   | Place    | Note
-------+----------+-------------------------------------------
     0 | D:1      | omnomnOMINOUS the Octopode Wanderer began the quest for the
                  | Orb.
     0 | D:1      | omnomnOMINOUS set off with the following items: a +2
                  | dagger, a potion of berserk rage, a +0 hand crossbow, 29
                  | bolts, a potion of lignification
     0 | D:1      | Reached XP level 1. HP: 19/19 MP: 1/1
   176 | D:1      | Reached skill level 1 in Dodging
   176 | D:1      | Reached skill level 1 in Spellcasting
   176 | D:1      | Reached XP level 2. HP: 25/25 MP: 1/3
   462 | D:1      | Reached XP level 3. HP: 28/30 MP: 5/5
   557 | D:1      | Found a faded altar of an unknown god.
   562 | D:1      | Became a worshipper of Xom of Many Doors
   691 | D:1      | XOM: cloud trail
   775 | D:1      | XOM: 5-stop teleportation journey
   796 | D:1      | Learned a level 1 spell: Shock
  1284 | D:1      | XOM: god gift: bubbling green potion {god gift}
  1316 | D:1      | XOM: divination: detect creatures
  1984 | D:2      | Learned a level 3 spell: Stone Arrow
  2040 | D:2      | Reached XP level 4. HP: 28/36 MP: 6/6
  2047 | D:2      | XOM: polymorph gnoll -> hobgoblin
  2057 | D:2      | XOM: god gift: 8 gold pieces
  2705 | D:3      | Learned a level 2 spell: Passwall
  2722 | D:3      | Noticed a phantom
  2724 | D:3      | XOM: confusion
  2737 | D:3      | Killed a phantom
  2738 | D:3      | Reached skill level 1 in Conjurations
  2738 | D:3      | Reached skill level 1 in Air Magic
  2738 | D:3      | Reached skill level 1 in Earth Magic
  2738 | D:3      | Reached XP level 5. HP: 26/41 MP: 8/8
  2792 | D:3      | XOM: 5-stop teleportation journey
  2841 | D:3      | XOM: 2-stop teleportation journey
  2905 | D:3      | XOM: divination: detect creatures
  3031 | D:3      | XOM: stat loss: -1 Str (11/12)
  3340 | D:3      | XOM: scenery: create altars
  3712 | D:4      | Noticed a phantom
  3744 | D:4      | XOM: cast spell 'Summon Hydra'
  3747 | D:4      | Killed a phantom
  3748 | D:4      | Reached XP level 6. HP: 46/46 MP: 9/9
  3903 | D:4      | XOM: give mutations
  3903 | D:4      | Gained mutation: You are strong-willed. (Will+) [Xom's
                  | grace]
  3903 | D:4      | Gained mutation: You possess an exceptional clarity of
                  | mind. [Xom's grace]
  4232 | D:4      | XOM: enchant monster (good)
  4370 | D:4      | Found a staircase to the Ecumenical Temple.
  4399 | Temple   | Entered the Ecumenical Temple
  4487 | D:5      | Entered Level 5 of the Dungeon
  4533 | D:4      | XOM: smoke on damage
  4918 | D:4      | XOM: give mutations
  4918 | D:4      | Gained mutation: You sometimes lose the ability to read
                  | scrolls when taking damage. [Xom's mischief]
  4918 | D:4      | Gained mutation: You are frail. (-10% HP) [Xom's mischief]
  4918 | D:4      | Lost mutation: You are frail. (-10% HP) [Xom's mischief]
  4918 | D:4      | Gained mutation: You are clumsy. (Dex -2) [Xom's mischief]
  5083 | D:4      | Found Keicas Loxi's Antique Weapon Emporium.
  5161 | D:4      | XOM: blink monster(s)
  5167 | D:4      | Reached XP level 7. HP: 7/52 MP: 10/10
  5167 | D:4      | Slain by a phantom

Illustrated notes

Levels and vault maps discovered:
D:1:      scummos_arrival_forest, layout_basic, ebering_ecumenical_altar_hall,
          minmay_crystal_room, wad_floor_pattern_untrapped
D:2:      layout_loops_ring
D:3:      layout_basic, st_stairs_8, kennysheep_generic_room_14
D:4:      layout_basic, minmay_temple_entry_hall, serial_shops, shop,
          minmay_fractal_squares_gapless_5
D:5:      layout_cave_pools, serial_shops, shop
Temple:   nicolae_temple_no_exploring_needed

Skill      XL: |  1  2  3  4  5  6 |
---------------+-------------------+-----
Dodging        | 1 2 3 |  3.9
Spellcasting   | 1 2 |  2.0
Conjurations   | 1 2 3 |  3.0
Air Magic      | 1 |  1.0
Earth Magic    | 1 2 |  2.9
Fighting       | |  6.2
Maces & Flails | |  1.0
Crossbows      | |  1.0
Throwing       | |  1.0
Stealth        | |  1.3

Action                   |  1- 3 |  4- 6 |  7- 9 || total
-------------------------+-------+-------+-------++-------
Melee: Dagger            |    84 |   150 |       ||   234
       Constrict         |    20 |    29 |       ||    49
       Tentacles         |    11 |    20 |     1 ||    32
       Spear             |       |     9 |     1 ||    10
Evoke: Wand              |       |     6 |       ||     6
  Use: Potion            |       |    11 |       ||    11
       Scroll            |       |     3 |       ||     3
 Stab: Sleeping          |    12 |     9 |       ||    21
       Invisible         |       |     2 |       ||     2
Armor: Skin              |     4 |    14 |       ||    18
Dodge: Dodged            |    40 |    97 |       ||   137

Table legend: (Time is in decaauts)
 A = Elapsed time spent in this place.
 B = Non-inter-level travel time spent in this place.
 C = Inter-level travel time spent in this place.
 D = Time resting spent in this place.
 E = Time spent auto-exploring this place.
 F = Levels seen in this place.
 G = Mean time per level.
                   A        B        C        D        E       F      G
               +--------+--------+--------+--------+--------+-----+--------+
         Total |   5175 |   5081 |     94 |    246 |   3869 |   6 |  862.5 |
       Dungeon |   5173 |   5079 |     94 |    246 |   3869 |   5 | 1034.6 |
        Temple |      1 |      1 |      0 |      0 |      0 |   1 |    1.0 |
               +--------+--------+--------+--------+--------+-----+--------+

Top non-repeatable levels by time:
     D:1: 1481 daAuts
     D:4: 1474 daAuts
     D:2: 1181 daAuts
     D:3: 1010 daAuts
     D:5: 25 daAuts
  Temple: 1 daAuts
